 Dungeon Crawl Stone Soup version 0.23.2-33-g5129a83184 (webtiles) character file.

Game seed: 2696453240808597382

997 troglodite the Caller (level 8, -3/58 HPs)
             Began as a Gnoll Summoner on July 11, 2019.
             Was an Initiate of Ashenzari.
             Slain by a steam dragon (6 damage)
             ... on level 6 of the Dungeon.
             The game lasted 00:20:04 (5469 turns).

troglodite the Caller (Gnoll Summoner)              Turns: 5469, Time: 00:20:05

Health: -3/58      AC: 13    Str: 11    XL:     8   Next: 19%
Magic:  9/16       EV: 13    Int: 18    God:    Ashenzari [......]
Gold:   208        SH:  0    Dex: 17    Spells: 12/18 levels left

rFire    . . .     SeeInvis .   x - +0 glaive
rCold    . . .     Gourm    .   (shield currently unavailable)
rNeg     . . .     Faith    .   v - +0 ring mail (curse)
rPois    .         Spirit   .   d - +2 hat (curse)
rElec    .         Reflect  .   t - +0 cloak
rCorr    .         Harm     .   q - +2 pair of gloves (curse)
MR       .....                  j - +0 pair of boots
Stlth    ++........             (no amulet)
HPRegen  0.19/turn              (no ring)
MPRegen  0.15/turn              (no ring)

@: very slightly contaminated
A: distributed training, fangs 1, strong nose
a: Curse Item, Renounce Religion


You were on level 6 of the Dungeon.
You worshipped Ashenzari.
Ashenzari was noncommittal.
You were not hungry.

You visited 2 branches of the dungeon, and saw 7 of its levels.

You collected 208 gold pieces.

Inventory:

Hand Weapons
 w - a +0 trident
 x - a +0 glaive (weapon)
Armour
 d - a cursed +2 hat (worn)
 j - a +0 pair of boots (worn)
 q - a cursed +2 pair of gloves (worn)
 t - a +0 cloak (worn)
 v - a cursed +0 ring mail (worn)
Wands
 e - a wand of flame (3)
 r - a wand of digging (6)
 y - a wand of disintegration (4)
Scrolls
 g - 4 scrolls of immolation {unknown}
 h - a scroll of magic mapping {unknown}
 k - a scroll of random uselessness {unknown}
 l - 2 scrolls of amnesia {unknown}
 m - 5 scrolls of teleportation {unknown}
 n - a scroll of enchant armour {unknown}
 p - a scroll of fear {unknown}
 s - 2 scrolls of identify {unknown}
Potions
 a - 2 potions of berserk rage {unknown}
 b - 2 potions of agility {unknown}
 f - a potion of brilliance {unknown}
 i - 2 potions of lignification {unknown}
 o - a potion of heal wounds {unknown}
 u - a potion of curing {unknown}
 z - a potion of might {unknown}
 A - a potion of haste
 B - a potion of flight {unknown}
Comestibles
 c - 15 rations


   Skills:
 + Level 3.0 Fighting
 + Level 3.0 Short Blades
 + Level 3.0 Long Blades
 + Level 3.0 Axes
 + Level 3.0 Maces & Flails
 + Level 3.0 Polearms
 + Level 3.0 Staves
 + Level 3.0 Slings
 + Level 3.0 Bows
 + Level 3.0 Crossbows
 + Level 3.0 Throwing
 + Level 3.0 Armour
 + Level 5.5 Dodging
 + Level 5.2 Stealth
 + Level 3.0 Shields
 + Level 3.0 Unarmed Combat
 + Level 5.9 Spellcasting
 + Level 2.4 Conjurations
 + Level 2.4 Hexes
 + Level 2.4 Charms
 + Level 7.5 Summonings
 + Level 2.4 Necromancy
 + Level 2.4 Translocations
 + Level 2.4 Transmutations
 + Level 2.4 Fire Magic
 + Level 2.4 Ice Magic
 + Level 2.4 Air Magic
 + Level 2.4 Earth Magic
 + Level 2.4 Poison Magic
 + Level 3.3 Invocations
 + Level 3.0 Evocations


You had 12 spell levels left.
You knew the following spells:

 Your Spells              Type           Power        Failure   Level  Hunger
a - Summon Small Mammal   Summ           ####         1%          1    None
b - Call Imp              Summ           ####....     1%          2    None
c - Call Canine Familiar  Summ           ####....     3%          3    ##.....

Your spell library contained the following spells:

 Spells                   Type           Power        Failure   Level  Hunger
 Animate Skeleton         Necr           N/A          11%         1    None
 Apportation              Tloc           ##....       11%         1    None
 Confusing Touch          Hex            ##....       11%         1    None
 Summon Guardian Golem    Hex/Summ       ###.....     11%         3    ##.....
 Confuse                  Hex            ##......     30%         3    ##.....
 Gell's Gravitas          Tloc           ##........   30%         3    ##.....
 Summon Ice Beast         Ice/Summ       ###.....     34%         4    ####...
 Summon Lightning Spire   Summ/Air       ###.....     34%         4    ####...
 Petrify                  Tmut/Erth      ##......     71%         4    ####...
 Metabolic Englaciation   Hex/Ice        ##........   96%         5    #####..
 Yara's Violent Unravell  Hex/Tmut       ##........   96%         5    #####..


Dungeon Overview and Level Annotations

Branches:
Dungeon (6/15)             Temple (1/1) D:4

Altars:
Ashenzari
Cheibriados
Dithmenos
Elyvilon
Fedhas
Gozag
Hepliaklqana
Kikubaaqudgha
Makhleb
Nemelex Xobeh
Ru
Sif Muna
Trog
Uskayaw
Vehumet
Wu Jian
Xom
Yredelemnul
Zin
The Shining One


Innate Abilities, Weirdness & Mutations

Your experience applies equally to all skills.
You have very sharp teeth.
Your uncanny sense of smell can sniff out nearby items.


Message History

The steam dragon bites you. The steam dragon closely misses you.
The steam dragon barely misses you.
The steam dragon claws you but does no damage.
You closely miss the steam dragon.
The steam dragon is heavily wounded.
You are engulfed in a cloud of scalding steam.
Your hound barely misses the steam dragon.
The steam dragon misses you. The steam dragon barely misses you.
Your hound misses the steam dragon. The steam dragon closely misses you.
The steam dragon claws you but does no damage.
You closely miss the steam dragon.
The steam dragon is heavily wounded.
Your hound bites the steam dragon but does no damage.
The steam dragon breathes steam at you. The ball of steam hits you!!
* * * LOW HITPOINT WARNING * * *
The steam dragon breathes steam at you. The ball of steam misses you.
Your hound bites the steam dragon.
The steam dragon bites you.
You die...

####§§≈
##§§≈§§
#≈≈§.$#
#§....#
#..... #h.§
#########
##D##
#.......#
#.D@#
#)#####.#
##.######.#
#<#
#........#
#.#
#.########
#.# #.# #.#
#[# #.# #.#
### #.# #.#


You could see 2 steam dragons and a friendly hound.

Vanquished Creatures
  Duvessa (D:4)
  2 sky beasts (D:5)
  An ogre (D:5)
  A centaur (D:5)
  Blork the orc (D:4)
  Dowan (D:4)
  A hound (D:4)
  2 orc wizards
  A worker ant (D:4)
  A howler monkey skeleton (D:4)
  7 adders
  A worm (D:3)
  4 leopard geckos
  3 orcs
  4 giant cockroaches
  5 goblins
  8 hobgoblins
  9 kobolds
  A quokka (D:5)
  A ball python (D:5)
  A bat (D:2)
  3 frilled lizards
  7 rats
66 creatures vanquished.

Vanquished Creatures (collateral kills)
  A phantom (D:4)
  An ice beast (D:5)
  A scorpion (D:3)
  A hound (D:4)
  2 orc wizards
  Terence (D:2)
  A gnoll (D:1)
  5 adders
  An ooze (D:3)
  3 worms
  A dart slug (D:1)
  3 leopard geckos
  5 orcs
  5 giant cockroaches
  2 goblins
  3 hobgoblins
  3 jackals (D:3)
  A quokka (D:2)
  6 bats
  2 frilled lizards
  A rat (D:3)
49 creatures vanquished.

Grand Total: 115 creatures vanquished

Notes
Turn   | Place    | Note
-------+----------+-------------------------------------------
     0 | D:1      | troglodite the Gnoll Summoner began the quest for the Orb.
     0 | D:1      | Reached XP level 1. HP: 13/13 MP: 6/6
   289 | D:1      | Reached XP level 2. HP: 8/19 MP: 7/7
   883 | D:1      | Learned a level 2 spell: Call Imp
  1066 | D:1      | Reached XP level 3. HP: 23/25 MP: 9/9
  1115 | D:1      | Learned a level 3 spell: Call Canine Familiar
  1200 | D:1      | Reached skill level 5 in Spellcasting
  1880 | D:2      | Reached skill level 1 in Invocations
  1947 | D:2      | Noticed Terence
  2040 | D:2      | Reached skill level 1 in Fighting
  2040 | D:2      | Reached skill level 1 in Short Blades
  2040 | D:2      | Reached skill level 1 in Long Blades
  2040 | D:2      | Reached skill level 1 in Axes
  2040 | D:2      | Reached skill level 1 in Maces & Flails
  2040 | D:2      | Reached skill level 1 in Polearms
  2040 | D:2      | Reached skill level 1 in Staves
  2040 | D:2      | Reached skill level 1 in Slings
  2040 | D:2      | Reached skill level 1 in Bows
  2040 | D:2      | Reached skill level 1 in Crossbows
  2040 | D:2      | Reached skill level 1 in Throwing
  2040 | D:2      | Reached skill level 1 in Armour
  2040 | D:2      | Reached skill level 1 in Shields
  2040 | D:2      | Reached skill level 1 in Unarmed Combat
  2040 | D:2      | Reached skill level 1 in Evocations
  2150 | D:2      | Killed Terence
  2150 | D:2      | Reached XP level 4. HP: 21/32 MP: 3/11
  2503 | D:2      | Reached skill level 1 in Conjurations
  2503 | D:2      | Reached skill level 1 in Hexes
  2503 | D:2      | Reached skill level 1 in Charms
  2503 | D:2      | Reached skill level 1 in Necromancy
  2503 | D:2      | Reached skill level 1 in Translocations
  2503 | D:2      | Reached skill level 1 in Transmutations
  2503 | D:2      | Reached skill level 1 in Fire Magic
  2503 | D:2      | Reached skill level 1 in Ice Magic
  2503 | D:2      | Reached skill level 1 in Air Magic
  2503 | D:2      | Reached skill level 1 in Earth Magic
  2503 | D:2      | Reached skill level 1 in Poison Magic
  3065 | D:3      | Reached XP level 5. HP: 37/37 MP: 12/12
  3440 | D:3      | Found a deep blue altar of Sif Muna.
  3657 | D:4      | Reached XP level 6. HP: 6/44 MP: 3/13
  3942 | D:4      | Noticed Blork the orc
  3987 | D:4      | Killed Blork the orc
  3987 | D:4      | Reached skill level 5 in Dodging
  4051 | D:4      | Noticed a phantom
  4069 | D:4      | Killed a phantom
  4174 | D:4      | Noticed Duvessa
  4174 | D:4      | Noticed Dowan
  4185 | D:4      | Killed Duvessa
  4185 | D:4      | Reached XP level 7. HP: 36/50 MP: 8/15
  4196 | D:4      | Killed Dowan
  4284 | D:4      | Found a staircase to the Ecumenical Temple.
  4292 | Temple   | Entered the Ecumenical Temple
  4528 | Temple   | Became a worshipper of Ashenzari the Shackled
  4677 | D:4      | Found a sacrificial altar of Ru.
  4690 | D:5      | Entered Level 5 of the Dungeon
  4800 | D:5      | Reached skill level 5 in Stealth
  5141 | D:5      | Reached XP level 8. HP: 51/57 MP: 13/16
  5469 | D:6      | Slain by a steam dragon

Skill      XL: |  1  2  3  4  5  6  7  8 |
---------------+-------------------------+-----
Spellcasting   | 5 |  5.9
Invocations    | 1 2 3 |  3.3
Fighting       | 1 2 3 |  3.0
Short Blades   | 1 2 3 |  3.0
Long Blades    | 1 2 3 |  3.0
Axes           | 1 2 3 |  3.0
Maces & Flails | 1 2 3 |  3.0
Polearms       | 1 2 3 |  3.0
Staves         | 1 2 3 |  3.0
Slings         | 1 2 3 |  3.0
Bows           | 1 2 3 |  3.0
Crossbows      | 1 2 3 |  3.0
Throwing       | 1 2 3 |  3.0
Armour         | 1 2 3 |  3.0
Shields        | 1 2 3 |  3.0
Unarmed Combat | 1 2 3 |  3.0
Evocations     | 1 2 3 |  3.0
Conjurations   | 1 2 |  2.4
Hexes          | 1 2 |  2.4
Charms         | 1 2 |  2.4
Necromancy     | 1 2 |  2.4
Translocations | 1 2 |  2.4
Transmutations | 1 2 |  2.4
Fire Magic     | 1 2 |  2.4
Ice Magic      | 1 2 |  2.4
Air Magic      | 1 2 |  2.4
Earth Magic    | 1 2 |  2.4
Poison Magic   | 1 2 |  2.4
Dodging        | 5 |  5.5
Stealth        | 5 |  5.2
Summonings     | |  7.5

Action                   |  1- 3 |  4- 6 |  7- 9 || total
-------------------------+-------+-------+-------++-------
Melee: Club              |   135 |    15 |       ||   150
       Unarmed           |     6 |       |       ||     6
       Bite              |    11 |     9 |     5 ||    25
       Spear             |       |   139 |       ||   139
       Punch             |       |     1 |       ||     1
       Trident           |       |    19 |       ||    19
       Glaive            |       |    13 |    88 ||   101
 Cast: Summon Small Mamm |    19 |     1 |       ||    20
       Call Imp          |    11 |    15 |     1 ||    27
       Call Canine Famil |     5 |    12 |     7 ||    24
Invok: Curse Item        |       |       |     2 ||     2
 Stab: Sleeping          |     3 |     7 |     2 ||    12
       Distracted        |       |     5 |     2 ||     7
  Eat: Chunk             |     4 |     8 |     5 ||    17
Armor: Ring mail         |    66 |    86 |    60 ||   212
       Robe              |     1 |       |       ||     1
Dodge: Dodged            |   125 |   118 |    85 ||   328
